Map: Tours du crépuscule

Players

Davinci

  • Race: Zerg Zerg
  • League: Platinum

Worming - Winner!

  • Race: Zerg Zerg
  • League: Platinum

VOD

Have the link to the VOD?

Description

Time

  • Played on: Nov. 11, 2015, 1:13 p.m.
  • Length: 11:13
Show
View Real Time Build Order
Export as new Build Order

Davinci Zerg 

Build Orders: Pool First 

Get SALT Encoding   

  12  0:02  Drone  
  13  0:11  Drone  
  14  0:28  Spawning Pool  
  14  0:33  Overlord  
  13  0:40  Drone  
  14  0:55  Extractor  
  13  0:58  Drone x3  
  13  1:00  Extractor  
  15  1:16  Drone  
  15  1:17  Queen  
  18  1:27  Roach Warren  
  18  1:29  Drone  
  18  1:34  Drone  
  19  1:42  Drone  
  20  1:53  Drone  
  21  2:13  Drone  
  22  2:16  Hatchery  
  21  2:33  Overlord x2  
  21  2:36  Drone  
  22  3:01  Roach x3  
  22  3:02  Roach x2  
  32  3:17  Roach  
  34  3:20  Lair  
  34  3:28  Queen  
  36  3:48  Roach x3  
  42  3:52  Overlord  
  42  4:11  Drone x2  
  42  4:12  Drone  
  45  4:18  Glial Reconstitution  
  45  4:23  Roach x2  
  49  4:32  Roach  
  49  4:36  Overlord  
  51  4:44  Drone  
  52  4:48  Overlord x2  
  54  5:07  Roach x4  
  60  5:15  Drone x3  
  67  5:35  Roach x2  
  67  5:36  Roach x3  
  73  6:26  Roach  
  73  6:29  Overlord x4  
  75  6:34  Drone  
  75  6:38  Extractor  
  75  6:42  Extractor  
  74  6:49  Evolution Chamber  
  74  6:52  Roach x4  
  74  6:53  Evolution Chamber  
  80  6:56  Roach  
  80  6:57  Roach x6  
  94  7:16  Roach  
  94  7:17  Roach x3  
  94  7:22  Zergling x4  
  98  7:41  Zerg Missile Weapons Level 1  
  96  8:37  Hydralisk Den  
  95  8:44  Spore Crawler  
  95  8:45  Spore Crawler  
  95  8:46  Spore Crawler  
  92  8:51  Spore Crawler  
  92  8:53  Spore Crawler  
  90  8:55  Drone  
  90  8:56  Spore Crawler, Drone x5  
  94  9:08  Hydralisk x6  
  78  9:40  Zergling x6  
  78  9:41  Zergling x2  
  78  9:44  Queen  
  58  9:46  Hydralisk x3  
  33  10:02  Hydralisk x2  
  19  10:41  Hydralisk x6  
Show
View Real Time Build Order
Export as new Build Order

Worming Zerg - Winner!

Build Orders: Hatch First 

Get SALT Encoding   

  12  0:01  Drone  
  13  0:13  Overlord  
  13  0:18  Drone  
  14  0:31  Drone x2  
  16  0:36  Drone  
  17  0:55  Hatchery  
  16  0:57  Drone  
  17  1:04  Extractor  
  16  1:12  Spawning Pool  
  16  1:14  Drone  
  16  1:17  Drone  
  17  1:21  Drone  
  18  1:29  Drone  
  19  1:41  Overlord  
  19  1:50  Drone  
  20  1:59  Queen  
  22  2:04  Zergling x2  
  22  2:07  Queen  
  22  2:08  Zergling x2  
  26  2:09  Metabolic Boost  
  26  2:18  Drone  
  26  2:19  Drone  
  28  2:26  Baneling Nest  
  28  2:28  Drone  
  28  2:39  Drone  
  28  2:40  Overlord  
  28  2:43  Drone  
  31  2:51  Zergling x4  
  31  2:55  Overlord  
  32  3:12  Hatchery  
  32  3:18  Drone x4  
  35  3:21  Drone  
  36  3:29  Roach Warren  
  33  3:45  Drone x6  
  39  3:50  Lair  
  39  3:54  Overlord  
  39  4:03  Zergling x2  
  39  4:04  Zergling x6  
  39  4:09  Extractor  
  42  4:10  Evolution Chamber  
  42  4:11  Extractor  
  40  4:30  Spine Crawler  
  40  4:31  Spine Crawler  
  38  4:35  Zerg Missile Weapons Level 1  
  38  4:37  Roach x5  
  47  4:53  Roach x4  
  47  4:54  Roach  
  57  5:05  Drone x5  
  61  5:12  Spine Crawler  
  61  5:13  Overlord  
  59  5:22  Overlord  
  59  5:23  Overlord  
  58  5:32  Roach  
  58  5:33  Roach x2  
  64  5:38  Drone x2  
  66  5:46  Drone x2  
  66  5:50  Roach  
  66  5:51  Roach  
  70  6:00  Roach x3  
  76  6:04  Glial Reconstitution  
  76  6:17  Drone  
  76  6:18  Drone  
  78  6:19  Overlord  
  78  6:21  Roach x2  
  78  6:22  Drone x3  
  78  6:23  Drone  
  86  6:28  Overlord  
  86  6:33  Zerg Missile Weapons Level 2  
  86  6:40  Drone x3  
  86  6:41  Drone  
  86  6:42  Drone  
  91  6:57  Drone x3  
  91  6:59  Drone  
  91  7:00  Drone  
  96  7:01  Overlord  
  96  7:06  Extractor  
  96  7:07  Drone, Overseer  
  96  7:16  Queen  
  96  7:17  Drone  
  96  7:19  Drone x3, Extractor  
  96  7:20  Overlord x2  
  99  7:30  Roach x5  
  106  7:37  Drone x3  
  106  7:39  Roach x2  
  112  7:50  Drone  
  113  7:52  Drone x3  
  113  7:58  Roach x3  
  122  8:05  Ravager  
  123  8:06  Spine Crawler  
  123  8:07  Ravager x4, Spine Crawler  
  123  8:08  Ravager x3  
  123  8:09  Roach  
  123  8:10  Overlord x2  
  123  8:11  Overlord x2  
  130  8:18  Overlord x2  
  130  8:42  Tunneling Claws  
  130  8:44  Burrow  
  130  8:48  Overseer  
  130  8:49  Overlord  
  130  8:50  Zergling x2  
  130  8:51  Zergling x22  
  130  8:53  Hatchery  
  130  8:54  Ravager x2  
  130  8:55  Ravager x2  
  101  9:45  Roach  
  101  9:46  Roach x11  
  109  9:56  Zergling x2, Roach  
  112  10:03  Queen  
  112  10:04  Queen  
  114  10:18  Roach, Extractor  
  114  10:19  Roach x8  
  128  10:22  Extractor  
  123  10:36  Roach  
  123  10:37  Roach x11  
Tags
 
Add a new tag
Caveats
  • Supply blocks, unpowered buildings, or Contaminate may cause inaccurate times.
  • Supply counts are checked every 10 seconds.